 Dungeon Crawl Stone Soup version 0.22-a0-44-geb883ae (webtiles) character file.

113 KristoblXynda the Charmwright (level 4, -1/36 HPs)
             Began as a Draconian Skald on Jan 6, 2018.
             Slain by a gnoll
             ... wielding a +0 spear
              (7 damage)
             ... on level 2 of the Dungeon.
             The game lasted 00:02:29 (1813 turns).

KristoblXynda the Charmwright (Draconian Skald)     Turns: 1813, Time: 00:02:30

Health: -1/36      AC:  5    Str: 14    XL:     4   Next: 65%
Magic:  7/16       EV: 13    Int: 14    God:
Gold:   78         SH:  0    Dex: 10    Spells: 3/7 levels left

rFire    . . .     SeeInvis .   a - +0 falchion
rCold    . . .     Gourm    .   (no shield)
rNeg     . . .     Faith    .   (armour unavailable)
rPois    .         Spirit   .   (helmet restricted)
rElec    .         Reflect  .   (no cloak)
rCorr    .         Harm     .   (no gloves)
MR       .....                  (no boots)
Stlth    +.........             (no amulet)
HPRegen  1.12/turn              e - ring of magical power
MPRegen  0.15/turn              (no ring)

@: infused, regenerating
A: unfitting armour, cold-blooded, AC +5
a: no special abilities


You were on level 2 of the Dungeon.
You were hungry.

You visited 1 branch of the dungeon, and saw 2 of its levels.

You collected 78 gold pieces.

Inventory:

Hand Weapons
 a - a +0 falchion (weapon)
Jewellery
 e - a ring of magical power (left hand)
 n - an uncursed ring of ice {unknown}
Scrolls
 d - 7 scrolls of identify {unknown}
 g - 2 scrolls of remove curse {unknown}
 h - a scroll of enchant armour {unknown}
 i - a scroll of teleportation {unknown}
 j - 2 scrolls of magic mapping {unknown}
 k - a scroll of fear {unknown}
Potions
 f - a potion of curing {unknown}
 m - a potion of mutation {unknown}
Books
 b - a book of Battle

   Spells                             Type                      Level
   a - Infusion                       Charms                       1
   b - Shroud of Golubria             Charms/Translocation         2
   c - Song of Slaying                Charms                       2
   d - Spectral Weapon                Hexes/Charms                 3
   e - Regeneration                   Charms/Necromancy            3
Comestibles
 c - 4 rations
 l - 2 chunks of flesh


   Skills:
 - Level 2.1 Fighting
 + Level 3.2 Long Blades
 + Level 3.2 Dodging
 - Level 2.0 Spellcasting
 + Level 3.6 Charms


You had 3 spell levels left.
You knew the following spells:

 Your Spells              Type           Power        Failure   Level  Hunger
a - Infusion              Chrm           ##..         5%          1    ##.....
b - Regeneration          Chrm/Necr      #.........   34%         3    ####...


Dungeon Overview and Level Annotations

Branches:
Dungeon (2/15)

Altars:


Innate Abilities, Weirdness & Mutations

Your plain brown scales are hard. (AC +5)
You cannot fit into any form of body armour.
You are cold-blooded and may be slowed by cold attacks.


Message History

The gnoll hits you but does no damage. The gnoll barely misses you.
The frilled lizard bites you.
* * * LOW HITPOINT WARNING * * *
The gnoll closely misses you.
You riposte.
You barely miss the gnoll.
The gnoll is almost dead.
A gnoll comes into view. It is wielding a club.
Casting: Infusion
Confirm with . or Enter, or press ? or * to list all spells.
Your skin crawls.
The gnoll shouts!
The gnoll hits you with a whip.
* * * LOW HITPOINT WARNING * * *
The frilled lizard closely misses you.
You riposte.
You hit the frilled lizard.
You kill the frilled lizard!
The gnoll moves out of view.
The gnoll hits you with a spear.
* * * LOW HITPOINT WARNING * * *
You completely miss the gnoll.
The gnoll is almost dead.
The gnoll barely misses you. The gnoll hits you with a spear!
You die...

........# #......(.#
........####........#
....................#
##########..........#
#..#.......#
#..###...:.#
#...g#.#####
#...#.g)# ##..###@#
##.. #g# ##...# ####


You could see 3 gnolls.

Vanquished Creatures
  A howler monkey (D:2)
  A gnoll (D:1)
  3 adders (D:2)
  A dart slug (D:1)
  3 leopard geckos (D:1)
  2 giant cockroaches
  4 goblins
  A hobgoblin (D:2)
  7 jackals (D:1)
  A ball python (D:2)
  8 frilled lizards
  2 kobolds (D:2)
  7 rats (D:1)
41 creatures vanquished.

Notes
Turn   | Place    | Note
-------+----------+-------------------------------------------
     0 | D:1      | KristoblXynda the Draconian Skald began the quest for the Orb.
     0 | D:1      | Reached XP level 1. HP: 17/17 MP: 3/3
   182 | D:1      | Reached XP level 2. HP: 16/24 MP: 5/5
   543 | D:1      | Reached XP level 3. HP: 8/29 MP: 6/6
   771 | D:1      | Learned a level 3 spell: Regeneration
  1377 | D:2      | Reached XP level 4. HP: 22/36 MP: 7/7
  1813 | D:2      | Slain by a gnoll

Vault maps used:
D:1:      scummos_arrival_hexagon, corexii_corridor_pit, minivault_27,
          minmay_lizard_king
D:2:      minmay_pentomino_z2

Skill      XL: |  1  2  3 |
---------------+----------+-----
Charms         | 3 |  3.6
Long Blades    | 3 |  3.2
Dodging        | 3 |  3.2
Fighting       | |  2.1
Spellcasting   | |  2.0

Action                   |  1- 3 |  4- 6 || total
-------------------------+-------+-------++-------
Melee: Falchion          |   114 |    21 ||   135
       Tailslap          |    11 |     4 ||    15
 Cast: Infusion          |     4 |     1 ||     5
       Regeneration      |     2 |     1 ||     3
  Use: Potion            |     1 |       ||     1
 Stab: Sleeping          |     1 |       ||     1
  Eat: Chunk             |     1 |     2 ||     3
Armor: Skin              |    48 |    10 ||    58
Dodge: Dodged            |   117 |    22 ||   139
       Rpst.: Falchion   |    42 |     5 ||    47

Table legend:
 A = Spawn XP
 B = Non-spawn XP
 C = Spawn XP percentage of total XP
 D = Spawn monster count
 E = Non-spawn monster count
 F = Spawn count percentage of total count
 G = Total turns spent on level
                    A         B        C        D         E        F      G
               +---------+---------+-------+---------+---------+-------+---------
         Total |       0 |     162 |   0.0 |       0 |      41 |   0.0 |  1813
               +---------+---------+-------+---------+---------+-------+---------
           D:1 |       0 |      59 |   0.0 |       0 |      28 |   0.0 |  1280
           D:2 |       0 |     103 |   0.0 |       0 |      13 |   0.0 |   533
               +---------+---------+-------+---------+---------+-------+---------
